 Dungeon Crawl Stone Soup version 0.29-a0-194-g6e3aafee17 (webtiles) character file.

Game seed: 7241126201495650160

525 dolemite99 the Quickloader (level 7, -4/41 HPs)
             Began as a Kobold Hunter on Feb 23, 2022.
             Was a Follower of Dithmenos.
             Killed from afar by a white imp (7 damage)
             ... with a puff of frost
             ... on level 5 of the Dungeon.
             The game lasted 00:04:23 (5680 turns).

dolemite99 the Quickloader (Kobold Hunter)          Turns: 5680, Time: 00:04:23

Health: -4/41      AC:  6    Str: 12    XL:     7   Next: 47%
Magic:  7/7        EV: 11    Int: 12    God:    Dithmenos [*.....]
Gold:   258        SH:  4    Dex: 15    Spells: 6/6 levels left

rFire   . . .      SeeInvis .   a - +1 hand crossbow
rCold   . . .      Faith    .   g - +0 buckler
rNeg    . . .      Spirit   .   y - +0 scale mail
rPois   .          Reflect  .   (no helmet)
rElec   .          Harm     .   (no cloak)
rCorr   .          Rampage  .   (no gloves)
Will    .....                   (no boots)
Stlth   ++........              (no amulet)
HPRegen 0.13/turn               (no ring)
MPRegen 0.10/turn               (no ring)

@: wreathed by umbra
A: small, no large weapons, nightstalker 3
a: Renounce Religion


You were on level 5 of the Dungeon.
You worshipped Dithmenos.
Dithmenos was aware of your devotion.
You visited 1 branch of the dungeon, and saw 5 of its levels.

You collected 258 gold pieces.

Inventory:

Hand Weapons
 a - a +1 hand crossbow (weapon)
 s - a +0 dagger of venom
Missiles
 c - 68 stones (quivered)
 t - 9 poisoned darts
 w - a throwing net
Armour
 b - a +0 leather armour
 e - a +0 chain mail
 g - a +0 buckler (worn)
 n - a +0 ring mail
 y - a +0 scale mail (worn)
Jewellery
 k - a ring of resist corrosion
 r - an amulet of regeneration
 x - a +6 ring of strength
 B - a +4 ring of slaying
Wands
 v - a wand of acid (8)
Scrolls
 d - 2 scrolls of teleportation {unknown}
 h - 3 scrolls of identify {unknown}
 l - 2 scrolls of enchant armour {unknown}
 p - a scroll of silence {unknown}
 z - a scroll of blinking {unknown}
 C - 3 scrolls of brand weapon {unknown}
Potions
 f - 2 potions of curing {unknown}
 i - 2 potions of mutation {unknown}
 j - a potion of resistance {unknown}
 m - a potion of flight {unknown}
 o - a potion of lignification {unknown}
 q - a potion of heal wounds {unknown}
 u - 2 potions of haste {unknown}
 A - 2 potions of ambrosia {unknown}


   Skills:
 + Level 3.4 Fighting
 - Level 10.4 Crossbows
 + Level 3.0 Dodging
 - Level 1.3 Stealth


You had 6 spell levels left.
You didn't know any spells.
Your spell library contained the following spells:

 Spells                   Type           Power      Damage    Failure   Level
 Ozocubu's Armour         Ice            0%         N/A       100%        3
 Ozocubu's Refrigeration  Ice            0%         4d5       100%        7


Dungeon Overview and Level Annotations

Branches:
Dungeon (5/15)
 Temple: D:4-7

Altars:
Dithmenos

Shops:
D:1 (


Innate Abilities, Weirdness & Mutations

You are small and have problems with some larger weapons.
You are completely attuned to the shadows.


Message History

Really target yourself?
You start resting.
A white imp comes into view.
A white imp is nearby!
A white imp is nearby!
You shoot a bolt. The bolt barely misses the white imp.
You shoot a bolt. The bolt closely misses the white imp.
You shoot a bolt.
The bolt hits the white imp but does no damage.
The white imp gestures at you. The puff of frost hits you!
You are too injured to fight recklessly!
You are too injured to fight recklessly!
You are too injured to fight recklessly!
You are too injured to fight recklessly!
Shoot: a) +1 hand crossbow
Press: ? - help, Shift-Dir - straight line, f/p - white imp
Aim: a white imp (umbra)
You shoot a bolt. The bolt closely misses the white imp.
The white imp gestures at you. The puff of frost hits you!
* * * LOW HITPOINT WARNING * * *
The white imp misses you.
Shoot: a) +1 hand crossbow
Press: ? - help, Shift-Dir - straight line, f/p - white imp
Aim: a white imp (umbra)
You shoot a bolt. The bolt hits the white imp!
The white imp is almost dead.
The white imp gestures at you. The puff of frost hits you!
* * * LOW HITPOINT WARNING * * *
Shoot: a) +1 hand crossbow
Press: ? - help, Shift-Dir - straight line, f/p - white imp
Aim: a white imp (almost dead, umbra)
You shoot a bolt.
The bolt hits the white imp but does no damage.
The white imp is almost dead.
The white imp gestures at you. The puff of frost hits you!
You die...

##...
###....
##......
##.......
###........
##..........
#####
#...........
###...##
#...........
#....5@##
#...........
#.......#
#...........
.)..$...#
##..........
.).>....#
#..........
........#
#..........
..).....#
..........
.......>#
........
.....##
.......
..)....#
......


You could see a white imp.

Vanquished Creatures
  A necrophage (D:5)
  A centaur (D:5)
  3 hounds
  A centaur skeleton (D:5)
  An orc priest (D:5)
  An iguana (D:4)
  4 gnolls (D:4)
  4 adders
  A howler monkey skeleton (D:5)
  An adder skeleton (D:2)
  2 worms
  3 dart slugs
  5 orcs
  4 bats
  9 endoplasms
  7 giant cockroaches
  7 goblins
  4 hobgoblins
  9 jackals
  4 quokkas
  10 ball pythons
  6 kobolds
  4 rats
92 creatures vanquished.

Notes
Turn   | Place    | Note
-------+----------+-------------------------------------------
     0 | D:1      | dolemite99 the Kobold Hunter began the quest for the Orb.
     0 | D:1      | Reached XP level 1. HP: 12/12 MP: 1/1
   279 | D:1      | Reached XP level 2. HP: 17/17 MP: 2/2
   343 | D:1      | Reached skill level 6 in Crossbows
  1015 | D:1      | Reached XP level 3. HP: 21/21 MP: 3/3
  1079 | D:1      | Found Sahepon's Weapon Shoppe.
  1770 | D:2      | Found a shadowy altar of Dithmenos.
  1775 | D:2      | Became a worshipper of Dithmenos the Shadowed
  1820 | D:2      | Reached skill level 7 in Crossbows
  2001 | D:2      | Reached XP level 4. HP: 26/26 MP: 4/4
  2104 | D:2      | You fall into a shaft and drop 1 floor!
  2945 | D:3      | Reached XP level 5. HP: 30/30 MP: 5/5
  3144 | D:4      | Reached skill level 8 in Crossbows
  4101 | D:4      | Reached * piety under Dithmenos
  4376 | D:4      | Reached skill level 9 in Crossbows
  4376 | D:4      | Reached XP level 6. HP: 24/35 MP: 6/6
  4523 | D:5      | Entered Level 5 of the Dungeon
  5409 | D:5      | Noticed a necrophage
  5413 | D:5      | Killed a necrophage
  5414 | D:5      | Reached skill level 10 in Crossbows
  5414 | D:5      | Reached XP level 7. HP: 40/40 MP: 7/7
  5680 | D:5      | Killed from afar by a white imp

Illustrated notes

Levels and vault maps discovered:
D:1:      scummos_arrival_simple_crosswalls, layout_basic, serial_shops,
          nicolae_shop_stone
D:2:      wander_river, layout_basic, basic_altar, minmay_tetromino_o4
D:3:      layout_loops_corners
D:4:      layout_loops_ring
D:5:      layout_cave_pods, portal_sewer_entry_f

Skill      XL: |  1  2  3  4  5  6  7 |
---------------+----------------------+-----
Crossbows      | 6 7 9 10 | 10.4
Fighting       | 3 |  3.4
Dodging        | 3 |  3.0
Stealth        | |  1.3

Action                   |  1- 3 |  4- 6 |  7- 9 || total
-------------------------+-------+-------+-------++-------
 Fire: Hand crossbow     |    87 |   141 |    32 ||   260
Armor: Leather armour    |    12 |       |       ||    12
       Ring mail         |       |     1 |       ||     1
       Scale mail        |       |     2 |     8 ||    10
Dodge: Dodged            |    28 |    47 |    22 ||    97
Block: Buckler           |     6 |     7 |     4 ||    17

Table legend: (Time is in decaauts)
 A = Elapsed time spent in this place.
 B = Non-inter-level travel time spent in this place.
 C = Inter-level travel time spent in this place.
 D = Time resting spent in this place.
 E = Time spent auto-exploring this place.
 F = Levels seen in this place.
 G = Mean time per level.
                   A        B        C        D        E       F      G
               +--------+--------+--------+--------+--------+-----+--------+
         Total |   5785 |   5641 |    144 |   1151 |   3799 |   5 | 1157.0 |
       Dungeon |   5785 |   5641 |    144 |   1151 |   3799 |   5 | 1157.0 |
               +--------+--------+--------+--------+--------+-----+--------+

Top non-repeatable levels by time:
     D:4: 1915 daAuts
     D:1: 1388 daAuts
     D:3: 1011 daAuts
     D:2: 766 daAuts
     D:5: 704 daAuts
